 Dungeon Crawl Stone Soup version 0.19-a0-1792-g28b16ba (webtiles) character file.

32 Amnesiac the Magician (level 3, 0/24 HPs)
             Began as a Mummy Wizard on Oct 4, 2016.
             Slain by an adder (3 damage)
             ... on level 3 of the Dungeon.
             The game lasted 00:03:08 (1228 turns).

Amnesiac the Magician (Mummy Wizard)                Turns: 1228, Time: 00:03:09

Health: 0/24       AC:  2    Str: 10    XL:     3   Next: 10%
Magic:  2/8        EV: 12    Int: 17    God:
Gold:   76         SH:  0    Dex: 11    Spells: 4 memorised, 1 level left

rFire  x . .     SeeInvis .     f - -1 flail (curse)
rCold  + . .     Gourm    .     a - +0 robe
rNeg   + + +     Faith    .     (no shield)
rPois  ∞         Spirit   .     b - +0 hat
rElec  .         Dismiss  .     (no cloak)
rCorr  .         Reflect  .     (no gloves)
MR     .....     Harm     .     (no boots)
Stlth  ++........               (no amulet)
                                (no ring)
                                (no ring)

@: no status effects
A: no food or potions, fire vulnerability, cold resistance 1, negative energy
resistance 3, torment resistance, unbreathing
a: no special abilities


You were on level 3 of the Dungeon.
You were not hungry.

You visited 1 branch of the dungeon, and saw 4 of its levels.

You collected 76 gold pieces.

Inventory:

Hand Weapons
 f - a cursed -1 flail (weapon)
Armour
 a - a +0 robe (worn)
 b - a +0 hat (worn)
Scrolls
 e - a scroll of enchant armour
 g - 2 scrolls of teleportation
Books
 c - a book of Minor Magic

   Spells                             Type                      Level
   a - Magic Dart                     Conjuration                  1
   b - Blink                          Translocation                2
   c - Call Imp                       Summoning                    2
   d - Repel Missiles                 Charms/Air                   2
   e - Slow                           Hexes                        2
   f - Conjure Flame                  Conjuration/Fire             3
   g - Mephitic Cloud                 Conjuration/Poison/Air       3


   Skills:
 - Level 1.5 Dodging
 - Level 1.5 Stealth
 + Level 4.1 Spellcasting
 - Level 0.7 Conjurations
 - Level 0.7 Summonings
   Level 0.7 Translocations


You had one spell level left.
You knew the following spells:

 Your Spells              Type           Power        Failure   Level  Hunger
d - Call Imp              Summ           #.......     21%         2    N/A
e - Mephitic Cloud        Conj/Pois/Air  #.......     47%         3    N/A
f - Magic Dart            Conj           #...         14%         1    N/A
s - Conjure Flame         Conj/Fire      #.......     47%         3    N/A

Dungeon Overview and Level Annotations

Branches:
Dungeon (4/15)
 Temple: D:4-7

Altars:

Annotations:
D:1 1 runed door
D:2 Robin


Innate Abilities, Weirdness & Mutations

You do not eat or drink.
Your flesh is vulnerable to fire.
You are immune to poison.
Your flesh is cold resistant. (rC+)
You are immune to negative energy. (rN+++)
You are immune to unholy pain and torment.
You can survive without breathing.


Message History

The rat barely misses you.
You swap places.
Your crimson imp hits the orc.
The rat barely misses your crimson imp.
Your crimson imp hits the rat.
The rat dies!
Your crimson imp blinks! x2
The adder bites you. The adder misses you.
Your crimson imp blinks!
The adder bites you.
The orc hits you from afar with a trident.
The adder bites you but does no damage. The adder bites you.
* * * LOW HITPOINT WARNING * * *
A jackal comes into view.
The adder bites you.
* * * LOW HITPOINT WARNING * * *
A jackal and a kobold come into view.
A jackal comes into view.
The adder bites you.
You die...

#########
#############.....5.#
#.......(...5.#####.#
#.###.....##### #.#
#># #.###.# #.#
..###.# #.# #.#
.o).).###.# ####.#
...<..).#.#
##@##.#######
#.#####.#.#
#.#So.......#######
#.# #>#.#
##.###.####....%...
#.# #.# #.# #.#
########. #.# #.# #.#
#.# #. #.# #.# #K#
#.# ####. ... #.# #h#
#.# #.... #.# #.# #h#
#.### #.. #h# #.# #.#


You could see an adder and an orc.

Vanquished Creatures
  A leopard gecko (D:3)
  2 orcs
  2 goblins (D:3)
  A kobold (D:2)
  A frilled lizard (D:3)
  A jackal skeleton (D:4)
  A rat (D:2)
9 creatures vanquished.

Vanquished Creatures (collateral kills)
  An orc wizard (D:4)
  An adder (D:3)
  2 rats (D:3)
4 creatures vanquished.

Grand Total: 13 creatures vanquished

Notes
Turn   | Place    | Note
-------+----------+-------------------------------------------
     0 | D:1      | Amnesiac the Mummy Wizard began the quest for the Orb.
     0 | D:1      | Reached XP level 1. HP: 13/13 MP: 4/4
     2 | D:1      | Found a runed door.
    34 | D:4      | Noticed a worker ant
   182 | D:2      | Noticed Robin
   272 | D:4      | Noticed a crimson imp
   782 | D:2      | Reached XP level 2. HP: 19/19 MP: 3/6
   786 | D:2      | Learned a level 2 spell: Call Imp
   936 | D:4      | Reached skill level 4 in Spellcasting
   936 | D:4      | Reached XP level 3. HP: 17/24 MP: 1/8
   949 | D:4      | Learned a level 3 spell: Mephitic Cloud
   953 | D:4      | Learned a level 3 spell: Conjure Flame
  1228 | D:3      | Slain by an adder

Vault maps used:
D:1:      dpeg_arrival_caged_fury
D:2:      old_standard_altar, uniq_jessica, uniq_terence, uniq_robin
D:4:      grunt_temple_overflow_bloody_war

Skill      XL: |  1  2 |
---------------+-------+-----
Spellcasting   | 4 |  4.1
Dodging        | |  1.5
Stealth        | |  1.5
Conjurations   | |  0.7
Summonings     | |  0.7
Translocations | |  0.7

Action                   || total
-------------------------++-------
Melee: Flail             ||     8
 Cast: Magic Dart        ||    26
       Call Imp          ||     7
       Mephitic Cloud    ||     1
  Use: Scroll            ||     2
Armor: Robe              ||     4
Dodge: Dodged            ||    19
